| TOP OF THE 1ST |
|
Panama City Capitales batting - Pitching for Limon Calypsos : RHP Karl Best
|
|
Pitching: RHP Karl Best
|
|
|
Batting: LHB Preston Cash
|
0-0: Foul Ball, location: 2F 0-1: Swinging Strike 0-2: Strikes out swinging
|
|
Batting: SHB Stan Javier
|
0-0: Ball 1-0: Called Strike 1-1: Swinging Strike 1-2: Strikes out swinging
|
|
Batting: RHB David Hall
|
0-0: Ball 1-0: SINGLE (Groundball, 4M, EV 97.5 MPH) (infield hit)
|
|
Batting: RHB Armando Moreno
|
0-0: Foul Ball, location: 2F 0-1: Ball 1-1: Ball 2-1: Ball 3-1: Foul Ball, location: 2F 3-2: Fly out, F9 (Flyball, 9S, EV 91.9 MPH)
|
| Top of the 1st over - 0 runs, 1 hit, 0 errors, 1 left on base; Panama City 0 - Limon 0 |
| BOTTOM OF THE 1ST |
|
Limon Calypsos batting - Pitching for Panama City Capitales : RHP Javier Villanueva
|
|
Pitching: RHP Javier Villanueva
|
|
|
Batting: RHB Randy Milligan
|
0-0: Ground out U3 (Groundball, 13, EV 86.9 MPH)
|
|
Batting: LHB Phil Stephenson
|
0-0: Ball 1-0: Called Strike 1-1: Foul Ball, location: 2F 1-2: Strikes out looking
|
|
Batting: LHB Mike Pagliarulo
|
0-0: Called Strike 0-1: Ball 1-1: Ball 2-1: SINGLE (Flyball, 89S, EV 87.5 MPH)
|
|
Batting: RHB Denny Gonzalez
|
0-0: Swinging Strike 0-1: Called Strike 0-2: Ball 1-2: Foul Ball, location: 2F 1-2: Ball 2-2: TRIPLE (Line Drive, 89XD, EV 103.8 MPH) Mike Pagliarulo scores
|
|
Batting: RHB Nehames Bernstine
|
0-0: Called Strike 0-1: Foul Ball, location: 2F 0-2: Strikes out looking
|
| Bottom of the 1st over - 1 run, 2 hits, 0 errors, 1 left on base; Panama City 0 - Limon 1 |
| TOP OF THE 2ND |
|
Panama City Capitales batting - Pitching for Limon Calypsos : RHP Karl Best
|
|
Batting: RHB Pedro Guerrero
|
0-0: Ball 1-0: Ball 2-0: Foul Ball, location: 2F 2-1: Foul Ball, location: 2F 2-2: Ball 3-2: Fly out, F7 (Flyball, 7LM, EV 89.4 MPH)
|
|
Batting: RHB Rod Allen
|
0-0: Swinging Strike 0-1: Swinging Strike 0-2: Ball 1-2: Ball 2-2: Ball 3-2: Strikes out swinging
|
|
Batting: LHB Jessie Reid
|
0-0: Ball 1-0: Ball 2-0: Ball 3-0: Base on Balls
|
|
Batting: SHB Mark Bailey
|
0-0: Called Strike 0-1: Ball 1-1: Ball 2-1: Called Strike 2-2: Foul Ball, location: 2F 2-2: DOUBLE (Line Drive, 9LM, EV 109.4 MPH) Jessie Reid to third Runner from 3rd tries for Home, SAFE, throw by RF to home
|
|
Batting: SHB Curt Wilkerson
|
0-0: Swinging Strike 0-1: Ball 1-1: Foul Ball, location: 2F 1-2: Strikes out swinging
|
| Top of the 2nd over - 1 run, 1 hit, 0 errors, 1 left on base; Panama City 1 - Limon 1 |
| BOTTOM OF THE 2ND |
|
Limon Calypsos batting - Pitching for Panama City Capitales : RHP Javier Villanueva
|
|
Batting: RHB Greg Gagne
|
0-0: Ball 1-0: Fly out, F7 (Flyball, 7S, EV 85.6 MPH)
|
|
Batting: RHB Mark Poole
|
0-0: Swinging Strike 0-1: Ball 1-1: Ball 2-1: Ground out 6-3 (Groundball, 6, EV 87.5 MPH)
|
|
Batting: LHB Jesus Marinez
|
0-0: Called Strike 0-1: Called Strike 0-2: Ground out 4-3 (Groundball, 4, EV 89.4 MPH)
|
| Bottom of the 2nd over - 0 runs, 0 hits, 0 errors, 0 left on base; Panama City 1 - Limon 1 |
| TOP OF THE 3RD |
|
Panama City Capitales batting - Pitching for Limon Calypsos : RHP Karl Best
|
|
Batting: LHB Preston Cash
|
0-0: Called Strike 0-1: Ball 1-1: Ball 2-1: Ball 3-1: Foul Ball, location: 2F 3-2: Base on Balls
|
|
Batting: SHB Stan Javier
|
0-0: Ball 1-0: Ball 2-0: Called Strike 2-1: Called Strike 2-2: SINGLE (Groundball, 25, EV 75.0 MPH) (infield hit) Preston Cash to second
|
|
Batting: RHB David Hall
|
0-0: Called Strike 0-1: Ball 1-1: Fly out, F9 (Flyball, 9, EV 91.9 MPH) Runner from 2nd tags up, SAFE at 3rd with throw by RF
|
|
Batting: RHB Armando Moreno
|
0-0: Called Strike 0-1: Ball 1-1: Ball 2-1: Swinging Strike 2-2: Strikes out swinging
|
|
Batting: RHB Pedro Guerrero
|
0-0: Fly out, F9 (Flyball, 89M, EV 81.9 MPH)
|
| Top of the 3rd over - 0 runs, 1 hit, 0 errors, 2 left on base; Panama City 1 - Limon 1 |
| BOTTOM OF THE 3RD |
|
Limon Calypsos batting - Pitching for Panama City Capitales : RHP Javier Villanueva
|
|
Batting: RHB Rob Deer
|
0-0: Ball 1-0: SINGLE (Groundball, 34S, EV 64.4 MPH) (infield hit)
|
|
Batting: RHB Randy Milligan
|
0-0: Ball Rob Deer steals 2nd base 1-0: Ball 2-0: Called Strike 2-1: Called Strike 2-2: Ball 3-2: Foul Ball, location: 2F 3-2: Ground out 5-3 (Groundball, 5, EV 87.5 MPH)
|
|
Batting: LHB Phil Stephenson
|
0-0: Ball 1-0: Ball 2-0: Ball 3-0: Called Strike 3-1: Swinging Strike 3-2: Strikes out swinging
|
|
Batting: LHB Mike Pagliarulo
|
0-0: Ball 1-0: Called Strike 1-1: Ball 2-1: Swinging Strike 2-2: Ball 3-2: Strikes out swinging
|
| Bottom of the 3rd over - 0 runs, 1 hit, 0 errors, 1 left on base; Panama City 1 - Limon 1 |
| TOP OF THE 4TH |
|
Panama City Capitales batting - Pitching for Limon Calypsos : RHP Karl Best
|
|
Batting: RHB Rod Allen
|
0-0: Foul Ball, location: 2F 0-1: Ball 1-1: Fly out, F7 (Flyball, 7LS, EV 83.8 MPH)
|
|
Batting: LHB Jessie Reid
|
0-0: Ball 1-0: Ball 2-0: Called Strike 2-1: Fly out, F7 (Flyball, 7S, EV 81.3 MPH)
|
|
Batting: SHB Mark Bailey
|
0-0: Called Strike 0-1: Swinging Strike 0-2: Ball 1-2: Foul Ball, location: 2F 1-2: Strikes out swinging
|
| Top of the 4th over - 0 runs, 0 hits, 0 errors, 0 left on base; Panama City 1 - Limon 1 |
| BOTTOM OF THE 4TH |
|
Limon Calypsos batting - Pitching for Panama City Capitales : RHP Javier Villanueva
|
|
Batting: RHB Denny Gonzalez
|
0-0: Ball 1-0: Called Strike 1-1: Ball 2-1: Foul Ball, location: 2F 2-2: Strikes out swinging
|
|
Batting: RHB Nehames Bernstine
|
0-0: Ball 1-0: Called Strike 1-1: Foul Ball, location: 2F 1-2: Fly out, F6 (Popup, 6D, EV 65.6 MPH)
|
|
Batting: RHB Greg Gagne
|
0-0: Called Strike 0-1: Ball 1-1: Foul Ball, location: 2F 1-2: Ball 2-2: Strikes out swinging
|
| Bottom of the 4th over - 0 runs, 0 hits, 0 errors, 0 left on base; Panama City 1 - Limon 1 |
| TOP OF THE 5TH |
|
Panama City Capitales batting - Pitching for Limon Calypsos : RHP Karl Best
|
|
Batting: SHB Curt Wilkerson
|
0-0: Ball 1-0: Ball 2-0: Fly out, F8 (Flyball, 8RD, EV 105.0 MPH)
|
|
Batting: LHB Preston Cash
|
0-0: Called Strike 0-1: Ball 1-1: Ball 2-1: Swinging Strike 2-2: Ball 3-2: Strikes out swinging
|
|
Batting: SHB Stan Javier
|
0-0: Ball 1-0: Called Strike 1-1: Fly out, F8 (Flyball, 8LD, EV 80.0 MPH)
|
| Top of the 5th over - 0 runs, 0 hits, 0 errors, 0 left on base; Panama City 1 - Limon 1 |
| BOTTOM OF THE 5TH |
|
Limon Calypsos batting - Pitching for Panama City Capitales : RHP Javier Villanueva
|
|
Batting: RHB Mark Poole
|
0-0: Ball 1-0: Ground out 4-3 (Groundball, 4S, EV 86.9 MPH)
|
|
Batting: LHB Jesus Marinez
|
0-0: Ground out 1-3 (Groundball, 34S, EV 60.6 MPH)
|
|
Batting: RHB Rob Deer
|
0-0: Foul Ball, location: 2F 0-1: Foul Ball, location: 2F 0-2: Foul Ball, location: 2F 0-2: Fly out, F7 (Flyball, 78S, EV 79.4 MPH)
|
| Bottom of the 5th over - 0 runs, 0 hits, 0 errors, 0 left on base; Panama City 1 - Limon 1 |
| TOP OF THE 6TH |
|
Panama City Capitales batting - Pitching for Limon Calypsos : RHP Karl Best
|
|
Batting: RHB David Hall
|
0-0: Ball 1-0: Called Strike 1-1: Ball 2-1: Foul Ball, location: 2F 2-2: SINGLE (Line Drive, 56D, EV 99.4 MPH)
|
|
Batting: RHB Armando Moreno
|
0-0: Ball 1-0: Foul Ball, location: 2F 1-1: Ball 2-1: Ball 3-1: Swinging Strike 3-2: Base on Balls David Hall to second
|
|
Batting: RHB Pedro Guerrero
|
0-0: Ball 1-0: Foul Ball, location: 2F 1-1: Called Strike 1-2: Reached on error, E1 (Groundball, 34S, EV 65.6 MPH) David Hall to third Armando Moreno to second
|
|
Pitching: RHP Andy Hawkins
|
|
|
Batting: RHB Rod Allen
|
0-0: Ball 1-0: Called Strike 1-1: Grounds into fielders choice 6-2 (Groundball, 6, EV 101.3 MPH) Armando Moreno to third Pedro Guerrero to second
|
|
Batting: LHB Jessie Reid
|
0-0: Foul Ball, location: 2F 0-1: Foul Ball, location: 2F 0-2: Foul Ball, location: 2F 0-2: Foul Ball, location: 2F 0-2: SINGLE (Groundball, 34D, EV 103.8 MPH) Armando Moreno scores Pedro Guerrero to third Rod Allen to second Runner from 3rd tries for Home, throw by RF and OUT! 9-2
|
|
Batting: SHB Mark Bailey
|
0-0: Called Strike 0-1: Fly out, F8 (Line Drive, 8LD, EV 93.8 MPH)
|
| Top of the 6th over - 1 run, 2 hits, 1 error, 2 left on base; Panama City 2 - Limon 1 |
| BOTTOM OF THE 6TH |
|
Limon Calypsos batting - Pitching for Panama City Capitales : RHP Javier Villanueva
|
|
Batting: RHB Randy Milligan
|
0-0: Fly out, F4 (Popup, 23, EV 86.9 MPH)
|
|
Batting: LHB Phil Stephenson
|
0-0: Ground out 4-3 (Groundball, 34, EV 84.4 MPH)
|
|
Batting: LHB Mike Pagliarulo
|
0-0: Ball 1-0: Called Strike 1-1: Called Strike 1-2: Ball 2-2: Ground out 6-3 (Groundball, 6, EV 87.5 MPH)
|
| Bottom of the 6th over - 0 runs, 0 hits, 0 errors, 0 left on base; Panama City 2 - Limon 1 |
| TOP OF THE 7TH |
|
Panama City Capitales batting - Pitching for Limon Calypsos : RHP Andy Hawkins
|
|
Batting: SHB Curt Wilkerson
|
0-0: Ball 1-0: Called Strike 1-1: Swinging Strike 1-2: Ground out 6-3 (Groundball, 56D, EV 77.5 MPH)
|
|
Batting: LHB Preston Cash
|
0-0: Ball 1-0: Called Strike 1-1: Ball 2-1: Ball 3-1: Base on Balls
|
|
Batting: SHB Stan Javier
|
0-0: Ball 1-0: SINGLE (Line Drive, 89S, EV 105.0 MPH) Preston Cash to second
|
|
Batting: RHB David Hall
|
0-0: Called Strike 0-1: Called Strike 0-2: Foul Ball, location: 2F 0-2: Strikes out looking
|
|
Batting: RHB Armando Moreno
|
0-0: Fly out, F8 (Line Drive, 8LM, EV 90.6 MPH)
|
| Top of the 7th over - 0 runs, 1 hit, 0 errors, 2 left on base; Panama City 2 - Limon 1 |
| BOTTOM OF THE 7TH |
|
Limon Calypsos batting - Pitching for Panama City Capitales : RHP Javier Villanueva
|
|
Batting: RHB Denny Gonzalez
|
0-0: Foul Ball, location: 2F 0-1: Foul Ball, location: 2F 0-2: Foul Ball, location: 2F 0-2: Ball 1-2: Ground out 4-3 (Groundball, 4, EV 83.1 MPH)
|
|
Batting: RHB Nehames Bernstine
|
0-0: Ball 1-0: Ball 2-0: Called Strike 2-1: Foul Ball, location: 2F 2-2: Ball 3-2: Foul Ball, location: 2F 3-2: Foul Ball, location: 2F 3-2: Foul Ball, location: 2F 3-2: Base on Balls
|
|
Pinch Hitting: SHB Luis Quinones
|
0-0: Ball 1-0: TRIPLE (Line Drive, 9D, EV 103.8 MPH) Nehames Bernstine scores
|
|
Batting: RHB Mark Poole
|
0-0: Ground out 5-3 (Groundball, 56S, EV 83.1 MPH)
|
|
Batting: LHB Jesus Marinez
|
0-0: Ball 1-0: Ball 2-0: Ground out 3-1 (Groundball, 34, EV 79.4 MPH)
|
| Bottom of the 7th over - 1 run, 1 hit, 0 errors, 1 left on base; Panama City 2 - Limon 2 |
| TOP OF THE 8TH |
|
Panama City Capitales batting - Pitching for Limon Calypsos : RHP Andy Hawkins
|
|
Now at SS: Luis Quinones
|
|
|
Batting: RHB Pedro Guerrero
|
0-0: Swinging Strike 0-1: Ball 1-1: Ball 2-1: Ball 3-1: Base on Balls
|
|
Batting: RHB Rod Allen
|
0-0: Ball 1-0: Called Strike 1-1: Ball 2-1: Foul Ball, location: 2F 2-2: DOUBLE (Groundball, 5L, EV 99.4 MPH) Pedro Guerrero to third
|
|
Batting: LHB Jessie Reid
|
0-0: Ball 1-0: Called Strike 1-1: Ball 2-1: Called Strike 2-2: SINGLE (Flyball, 8LS, EV 90.0 MPH) Pedro Guerrero scores Rod Allen to third Runner from 3rd tries for Home, SAFE, throw by CF to home
|
|
Batting: SHB Mark Bailey
|
0-0: Called Strike 0-1: Ball 1-1: Ball 2-1: Foul Ball, location: 2F 2-2: Ball 3-2: Fly out, F7 (Line Drive, 7D, EV 90.6 MPH)
|
|
Batting: SHB Curt Wilkerson
|
0-0: Ball Jessie Reid is caught stealing 2nd base 2-6 1-0: Foul Ball, location: 2F 1-1: Ball 2-1: Ground out 3-1 (Groundball, 34S, EV 86.3 MPH)
|
| Top of the 8th over - 2 runs, 2 hits, 0 errors, 0 left on base; Panama City 4 - Limon 2 |
| BOTTOM OF THE 8TH |
|
Limon Calypsos batting - Pitching for Panama City Capitales : RHP Javier Villanueva
|
|
Pitching: LHP Jose Paz
|
|
|
Batting: RHB Rob Deer
|
0-0: Ball 1-0: Foul Ball, location: 2F 1-1: Ball 2-1: Foul Ball, location: 2F 2-2: Strikes out looking
|
|
Batting: RHB Randy Milligan
|
0-0: Called Strike 0-1: Called Strike 0-2: Foul Ball, location: 2F 0-2: Strikes out swinging
|
|
Batting: LHB Phil Stephenson
|
0-0: Ball 1-0: Called Strike 1-1: Foul Ball, location: 2F 1-2: Strikes out swinging
|
| Bottom of the 8th over - 0 runs, 0 hits, 0 errors, 0 left on base; Panama City 4 - Limon 2 |
| TOP OF THE 9TH |
|
Panama City Capitales batting - Pitching for Limon Calypsos : RHP Andy Hawkins
|
|
Batting: LHB Preston Cash
|
0-0: Called Strike 0-1: Foul Ball, location: 2F 0-2: Ball 1-2: Ball 2-2: Strikes out swinging
|
|
Batting: SHB Stan Javier
|
0-0: Ball 1-0: Swinging Strike 1-1: Foul Ball, location: 2F 1-2: Ball 2-2: Ball 3-2: Foul Ball, location: 2F 3-2: Base on Balls
|
|
Batting: RHB David Hall
|
0-0: Ball 1-0: Ball 2-0: Ground out 6-3 (Groundball, P, EV 87.5 MPH) Stan Javier to second
|
|
Pitching: LHP Jeff Schneider
|
|
|
Batting: RHB Armando Moreno
|
0-0: Called Strike 0-1: Fly out, F8 (Flyball, 8RD, EV 102.5 MPH)
|
| Top of the 9th over - 0 runs, 0 hits, 0 errors, 1 left on base; Panama City 4 - Limon 2 |
| BOTTOM OF THE 9TH |
|
Limon Calypsos batting - Pitching for Panama City Capitales : LHP Jose Paz
|
|
Now at 1B: Tony Ramirez
|
|
|
Now at 3B: Jordan Medrano
|
|
|
Now in RF: Gary Holden
|
|
|
Batting: LHB Mike Pagliarulo
|
0-0: Ball 1-0: Ball 2-0: Foul Ball, location: 2F 2-1: Ball 3-1: Foul Ball, location: 2F 3-2: Strikes out swinging
|
|
Batting: RHB Denny Gonzalez
|
0-0: Called Strike 0-1: Swinging Strike 0-2: Foul Ball, location: 2F 0-2: Ball 1-2: Ball 2-2: Foul Ball, location: 2F 2-2: Foul Ball, location: 2F 2-2: Strikes out swinging
|
|
Batting: RHB Nehames Bernstine
|
0-0: Ball 1-0: Called Strike 1-1: Fly out, F7 (Line Drive, 7D, EV 91.3 MPH)
|
| Bottom of the 9th over - 0 runs, 0 hits, 0 errors, 0 left on base; Panama City 4 - Limon 2 |
|